 Dungeon Crawl Stone Soup version 0.26-b1-32-g5d43845318 (webtiles) character file.

Game seed: 8903007726309929484

32 tsouns the Insei (level 3, 0/21 HPs)
             Began as a Kobold Transmuter on Jan 13, 2021.
             Slain by a centaur (3 damage)
             ... on level 2 of the Dungeon.
             The game lasted 00:03:05 (1983 turns).

tsouns the Insei (Kobold Transmuter)                Turns: 1983, Time: 00:03:06

Health: 0/21       AC:  2    Str:  7    XL:     3   Next: 45%
Magic:  5/6        EV: 15    Int: 15    God:
Gold:   114        SH:  0    Dex: 15    Spells: 3/6 levels left

rFire    . . .     SeeInvis .     - Unarmed
rCold    . . .     Faith    .   (shield restricted)
rNeg     . . .     Spirit   .   a - +0 robe
rPois    .         Reflect  .   (helmet currently unavailable)
rElec    .         Harm     .   (no cloak)
rCorr    .         Rampage  .   (no gloves)
Will     .....                  (boots currently unavailable)
Stlth    ++........             (no amulet)
HPRegen  0.07/turn              (no ring)
MPRegen  0.10/turn              (no ring)

@: appendages
A: small, horns 2, talons 2, nightstalker 3
a: End Transformation


You were on level 2 of the Dungeon.
You had grown temporary horns.
You had grown temporary talons.
You visited 1 branch of the dungeon, and saw 2 of its levels.

You collected 114 gold pieces.

Inventory:

Missiles
 g - 17 bolts
Armour
 a - a +0 robe (worn)
Wands
 h - a wand of acid (7)
Scrolls
 b - 3 scrolls of identify {unknown}
 e - 2 scrolls of remove curse {unknown}
 f - a scroll of teleportation {unknown}
 i - a scroll of amnesia {unknown}
 j - a scroll of fear {unknown}
Potions
 c - 2 potions of cancellation {unknown}
 d - 2 potions of magic {unknown}


   Skills:
 + Level 2.1 Fighting
 - Level 2.4 Dodging
 + Level 3.4 Unarmed Combat
 - Level 2.1 Spellcasting
 + Level 2.6 Transmutations


You had 3 spell levels left.
You knew the following spells:

 Your Spells              Type           Power        Failure   Level
a - Beastly Appendage     Tmut           18%          8%          1
b - Wereblood             Tmut           9%           11%         2

Your spell library contained the following spells:

 Spells                   Type           Power        Failure   Level
 Spider Form              Tmut/Pois      2%           36%         3
 Ice Form                 Ice/Tmut       5%           77%         4
 Blade Hands              Tmut           4%           90%         5


Dungeon Overview and Level Annotations

Branches:
Dungeon (2/15)

Altars:


Innate Abilities, Weirdness & Mutations

You are small and have problems with some larger weapons.
You are completely attuned to the shadows.
You have a pair of horns on your head.
You have razor-sharp toenails.


Message History

The centaur shouts!
The centaur wields a +0 shortbow.
The centaur shoots an arrow.
The arrow misses you.
The centaur shoots an arrow.
The arrow hits you!
You see here an arrow.
The centaur unwields a +0 shortbow.
The centaur completely misses you.
Casting: Beastly Appendage (safe; 8% risk of failure)
Confirm with . or Enter, or press ? or * to list all spells.
You grow a pair of large bovine horns.
Your feet morph into talons.
The centaur hits you. The centaur hits you!
* * * LOW HITPOINT WARNING * * *
Unknown command.
You hit the centaur but do no damage. You headbutt the centaur.
The centaur is lightly wounded.
The centaur barely misses you.
Unknown command.
You barely miss the centaur.
The centaur is lightly wounded.
The centaur hits you.
You die...

#+# # #.# #.### #.
#.# #.#.##
##.###.#######....###
.......#.............
#.c@(.(...#........#
#######.#..........#
#.###........# #..
..##...### #### # ...


You could see a centaur.

Vanquished Creatures
  A ball python (D:1)
  3 bats
  2 goblins
  3 hobgoblins (D:1)
  7 jackals (D:1)
  4 kobolds
  3 frilled lizards
  5 rats
28 creatures vanquished.

Notes
Turn   | Place    | Note
-------+----------+-------------------------------------------
     0 | D:1      | tsouns the Kobold Transmuter began the quest for the Orb.
     0 | D:1      | Reached XP level 1. HP: 12/12 MP: 3/3
   216 | D:1      | Reached XP level 2. HP: 16/16 MP: 3/5
   705 | D:1      | Learned a level 2 spell: Wereblood
   930 | D:1      | Reached XP level 3. HP: 13/21 MP: 3/6
  1977 | D:2      | Noticed a centaur
  1983 | D:2      | Slain by a centaur

Illustrated notes

Levels and vault maps discovered:
D:1:      nicolae_arrival_somewhat_less_tricky_arrival, layout_basic,
          serial_corexii_hall, chequers_hall_statues_wall_a,
          corexii_hall_statues_x
D:2:      layout_loops_corners, minitemple, minmay_joined_circles, uniq_natasha

Skill      XL: |  1  2  3 |
---------------+----------+-----
Fighting       | 2 |  2.1
Dodging        | |  2.4
Unarmed Combat | |  3.4
Spellcasting   | |  2.1
Transmutations | |  2.6

Action                   || total
-------------------------++-------
Melee: Unarmed           ||    96
       Kick              ||    10
       Headbutt          ||     5
       Punch             ||     2
 Cast: Beastly Appendage ||     8
       Wereblood         ||     2
 Stab: Sleeping          ||     2
Armor: Robe              ||    17
Dodge: Dodged            ||    72
